 Dungeon Crawl Stone Soup version 0.30.0-5-g1a98f26d00 (webtiles) character file.

Game seed: 15078160915676387426

3896 Adrian566 the Cleaver (level 10, 0/80 (88) HPs)
             Began as a Hill Orc Fighter on May 12, 2023.
             Was a Priest of Beogh.
             Slain by Erica
             ... wielding a +3 scimitar of flaming
              (3 damage)
             ... on level 9 of the Dungeon.
             The game lasted 00:09:17 (7855 turns).

Adrian566 the Cleaver (Hill Orc Fighter)            Turns: 7855, Time: 00:09:19

HP:   0/80 (88)     AC: 14    Str: 24    XL:     10   Next: 20%
MP:   10/10         EV: 15    Int:  8    God:    Beogh [***...]
Gold: 321           SH: 10    Dex: 13    Spells: 9/9 levels left

rFire   . . .        f - +3 war axe (freeze)
rCold   . . .        n - +0 kite shield
rNeg    + . .        u - +2 scale mail {rN+}
rPois   .            (no helmet)
rElec   .            d - scarf of Fun and Games {+Inv, +Blink Dex+3}
rCorr   .            l - +2 pair of gloves
SInv    .            B - +0 pair of boots
Will    .....        w - amulet of regeneration Stlth
                     y - +5 ring of evasion
HPRegen 1.13/turn    (no ring)
MPRegen 0.12/turn

%: no passive effects
@: drained
A: no striking features
a: Renounce Religion, Evoke Blink, Evoke Invisibility, Smiting


You were on level 9 of the Dungeon.
You worshipped Beogh.
Beogh was most pleased with you.
You visited 1 branch of the dungeon, and saw 9 of its levels.
You also visited: Sewer.

You collected 545 gold pieces.
You spent 224 gold pieces at shops.

Inventory:

Hand Weapons
 a - a +0 war axe
 f - a +3 war axe of freezing (weapon)
Armour
 d - the scarf of Fun and Games (worn) {+Inv, +Blink Dex+3}
   (You found it in a sewer)

   Dex:       It affects your dexterity (+3).
   +Blink:    It lets you blink.
 l - a +2 pair of gloves (worn)
 n - a +0 kite shield (worn)
 u - a +2 scale mail of positive energy (worn)
 B - a +0 pair of boots (worn)
Jewellery
 i - a ring of magical power
 w - an amulet of regeneration (around neck)
 y - a +5 ring of evasion (left hand)
 C - a ring of poison resistance
 D - an amulet of guardian spirit
Wands
 c - a wand of roots (10)
 t - a wand of flame (3)
Scrolls
 e - 4 scrolls of teleportation
 h - a scroll of vulnerability
 j - 4 scrolls of identify
 q - a scroll of blinking
 z - a scroll of butterflies {unknown}
 A - a scroll of silence {unknown}
Potions
 b - 3 potions of degeneration {unknown}
 k - a potion of heal wounds {unknown}
 o - 2 potions of resistance
 p - a potion of cancellation
 r - 3 potions of mutation {unknown}
 s - 2 potions of invisibility {unknown}
 v - a potion of berserk rage {unknown}
 x - a potion of flight {unknown}
 E - a potion of might


   Skills:
 + Level 7.9 Fighting
 + Level 12.2 Axes
 + Level 7.1 Armour
 + Level 3.4 Dodging
 + Level 1.5 Stealth
 + Level 6.9 Shields


You had 9 spell levels left.
You didn't know any spells.
Your spell library contained the following spells:

 Spells                   Type           Power      Damage    Failure   Level
 Blink                    Tloc           0%         N/A       95%         2
 Lesser Beckoning         Tloc           0%         N/A       95%         2
 Momentum Strike          Conj/Tloc      0%         3d8       95%         2


Dungeon Overview and Level Annotations

Branches:
Dungeon (9/15)             Temple (0/1) D:5           Sewer (visited)
   Lair: D:8-11         Orc: D:9-12

Altars:
Ashenzari
Elyvilon
Fedhas
Gozag
Hepliaklqana
Makhleb
Nemelex Xobeh
Ru
Uskayaw
Vehumet

Shops:
D:7 [

Annotations:
D:6 1 runed translucent door
D:9 Erica, Maurice


Message History

Unknown command.
As you read the scroll of fear, it crumbles to dust.
You assume a fearsome visage.
The kobold looks frightened!
Something hits you. Something burns you.
You hear some strange, mumbled words.
You are constricted!
* * * LOW HITPOINT WARNING * * *
Unknown command.
You slash something! You freeze something.
You hear some strange, mumbled words.
Something tries to affect you, but you resist.
You hear some strange, mumbled words.
You are constricted.
* * * LOW HITPOINT WARNING * * *
As you read the scroll of teleportation, it crumbles to dust.
You feel strangely unstable.
The kobold brigand throws a poisoned dart.
You block the poisoned dart. Something hits you.
* * * LOW HITPOINT WARNING * * *
Something burns you.
* * * LOW HITPOINT WARNING * * *
You are constricted.
* * * LOW HITPOINT WARNING * * *
The grasping roots release their grip on you.
Unknown command.
Something hits you.
* * * LOW HITPOINT WARNING * * *
Something burns you.
* * * LOW HITPOINT WARNING * * *
A wolf comes into view.
Unknown command.
Okay, then.
It was a potion of cancellation.
You feel strangely stable.
You feel magically purged.
The kobold brigand throws a poisoned dart.
The poisoned dart barely misses you. Something hits you.
* * * LOW HITPOINT WARNING * * *
Something burns you.
You die...

...... ......+ ..
...... #....#######..
K..... #K...........h
...... #.............
.K@... #..ยง.......#
......#####.......h..#
.....................#
...........{..))...###
##.......K....<{@..#
###################


You could see a kobold brigand, 2 wolves and a kobold (fleeing).

Vanquished Creatures
  4 yaks (D:6)
  Edmund (D:5)
  A water moccasin (D:7)
  A black bear (D:5)
  2 ice beasts
  A sky beast (D:6)
  2 ogres (D:5)
  3 centaurs
  3 phantoms
  A bullfrog (D:7)
  A gnoll sergeant (D:5)
  3 kobold brigands
  7 scorpions
  9 wights
  A killer bee (D:6)
  3 howler monkeys
  2 jellies
  6 hounds
  A sleepcap (D:4)
  4 iguanas
  5 orc wizards
  7 adders
  3 gnolls (D:5)
  2 shadow imps
  A white imp (D:6)
  5 ufetubi
  6 worms
  A dart slug (D:4)
  7 orcs
  5 ball pythons
  5 endoplasms
  13 giant cockroaches
  5 goblins
  4 hobgoblins
  7 jackals
  23 kobolds
  6 quokkas
  4 bats
  7 frilled lizards
  10 rats
  2 butterflies (D:6)
184 creatures vanquished.

Vanquished Creatures (collateral kills)
  An orc (D:7)
1 creature vanquished.

Vanquished Creatures (others)
  An orc (D:8)
1 creature vanquished.

Grand Total: 186 creatures vanquished

Notes
Turn   | Place    | Note
-------+----------+-------------------------------------------
     0 | D:1      | Adrian566 the Hill Orc Fighter began the quest for the Orb.
     0 | D:1      | Reached XP level 1. HP: 19/19 MP: 1/1
   120 | D:1      | Reached XP level 2. HP: 27/27 MP: 2/2
   617 | D:1      | Reached skill level 3 in Axes
   628 | D:1      | Reached XP level 3. HP: 33/33 MP: 3/3
  1045 | D:2      | Reached skill level 4 in Axes
  1045 | D:2      | Reached XP level 4. HP: 19/40 MP: 4/4
  1162 | D:2      | Found a faded altar of an unknown god.
  1625 | D:3      | Noticed an orc warrior
  1626 | D:3      | Became a worshipper of Beogh the Brigand
  1659 | D:3      | Reached XP level 5. HP: 42/47 MP: 5/5
  1704 | D:3      | Reached skill level 5 in Axes
  2286 | D:4      | Reached skill level 1 in Dodging
  2295 | D:4      | Found a glowing drain.
  2299 | D:4      | Reached * piety under Beogh
  2315 | Sewer    | Entered a sewer
  2385 | Sewer    | Noticed a kobold brigand
  2385 | Sewer    | Noticed a kobold brigand
  2393 | Sewer    | Killed a kobold brigand
  2394 | Sewer    | Reached skill level 1 in Stealth
  2394 | Sewer    | Reached XP level 6. HP: 31/55 MP: 6/6
  2401 | Sewer    | Reached skill level 5 in Fighting
  2401 | Sewer    | Reached skill level 6 in Axes
  2527 | Sewer    | Identified the scarf of Fun and Games {+Inv, +Blink Dex+3}
  2781 | D:4      | Reached ** piety under Beogh
  2884 | D:4      | Reached XP level 7. HP: 38/61 MP: 7/7
  3046 | D:4      | Found a hazy altar of Hepliaklqana.
  3046 | D:4      | Found a burning altar of Makhleb.
  3452 | D:4      | Reached skill level 7 in Axes
  3572 | D:5      | Entered Level 5 of the Dungeon
  3965 | D:5      | Reached skill level 8 in Axes
  3965 | D:5      | Reached skill level 5 in Armour
  3965 | D:5      | Reached XP level 8. HP: 14/70 MP: 8/8
  4835 | D:5      | Noticed Edmund
  4849 | D:5      | Killed Edmund
  4850 | D:5      | Reached skill level 9 in Axes
  5006 | D:5      | Found a staircase to the Ecumenical Temple.
  5399 | D:6      | Noticed a yak
  5400 | D:6      | Noticed a +0 short sword
  5400 | D:6      | Noticed a +0 falchion
  5401 | D:6      | Noticed a +0 falchion
  5401 | D:6      | Noticed a +0 short sword
  5401 | D:6      | Noticed a yak
  5401 | D:6      | Noticed a yak
  5401 | D:6      | Noticed a yak
  5402 | D:6      | Noticed a +0 dagger
  5402 | D:6      | Noticed a +0 spear
  5403 | D:6      | Noticed a +0 spear
  5404 | D:6      | Noticed a +0 dagger
  5407 | D:6      | Killed a yak
  5408 | D:6      | Reached skill level 5 in Shields
  5414 | D:6      | Killed a yak
  5415 | D:6      | Reached XP level 9. HP: 51/78 MP: 9/9
  5429 | D:6      | Found a hide-covered altar of Uskayaw.
  5444 | D:6      | Reached skill level 10 in Axes
  5854 | D:6      | Identified the +2 war axe "Xonweipa" {heavy, *Corrode
                  | +Blink rF+ rN+++}
  6110 | D:6      | Found a runed translucent door.
  6112 | D:6      | Found a runed translucent door.
  6455 | D:6      | Found an opulent altar of Gozag.
  6456 | D:6      | Found a sparkling altar of Nemelex Xobeh.
  6620 | D:7      | Reached skill level 11 in Axes
  6634 | D:7      | Reached *** piety under Beogh
  6960 | D:7      | Reached XP level 10. HP: 88/88 MP: 10/10
  7035 | D:7      | Found Ycaneuki's Antique Armour Shoppe.
  7046 | D:7      | Bought a pair of boots for 112 gold pieces
  7046 | D:7      | Bought a pair of gloves for 112 gold pieces
  7078 | D:7      | Found a sacrificial altar of Ru.
  7265 | D:8      | Found a radiant altar of Vehumet.
  7309 | D:8      | Reached skill level 12 in Axes
  7453 | D:8      | Found a white marble altar of Elyvilon.
  7515 | D:8      | Found a blossoming altar of Fedhas.
  7536 | D:8      | Found a broken altar of Ashenzari.
  7741 | D:9      | Noticed Erica
  7773 | D:9      | Noticed Maurice
  7855 | D:9      | HP: 3/80 [something (6)]
  7855 | D:9      | Slain by Erica

Illustrated notes

Levels and vault maps discovered:
D:1:      scummos_arrival_forest, layout_basic
D:2:      layout_rooms, dreamdust_ecumenical_altar_statues
D:3:      layout_basic
D:4:      layout_cave_pods, nicolae_overflow_two_pavilions, gup_sewer_entry_pipe
D:5:      layout_basic, temple_pool_b, chequers_serial_rivers_micro_b,
          uniq_edmund
D:6:      lemuel_insect_pit, layout_loops_ring, grunt_temple_overflow_opulence,
          nicolae_uskayaw_en_pointe
D:7:      layout_rooms, kennysheep_mini_moat, serial_shops, nicolae_shop_stone
D:8:      layout_basic, nicolae_vehumet_radiance, lemuel_tele_altar,
          nicolae_overflow_crystal_walls, lemuel_crystal_altar
D:9:      layout_irregular_city, okawaru_ov_weapons_minmay,
          nicolae_sif_muna_condensation, lemuel_crystal_altar,
          lemuel_doored_altar, uniq_erica, uniq_pikel, uniq_grum, uniq_maurice

Skill      XL: |  1  2  3  4  5  6  7  8  9 10 |
---------------+-------------------------------+-----
Fighting       | 4 5 6 7 |  7.9
Axes           | 3 4 5 6 8 9 11 12 | 12.2
Armour         | 4 5 6 7 |  7.1
Dodging        | 1 2 3 |  3.4
Stealth        | 1 |  1.5
Shields        | 4 5 6 |  6.9

Action                     |  1- 3 |  4- 6 |  7- 9 | 10-12 || total
---------------------------+-------+-------+-------+-------++-------
  Melee: War axe           |   108 |   191 |   316 |    86 ||   701
 Invoke: Convert to Beogh  |       |     1 |       |       ||     1
    Use: Scroll            |     3 |    10 |       |     3 ||    16
         Potion            |       |     1 |     8 |     3 ||    12
 Armour: Scale mail        |    49 |    98 |   133 |    28 ||   308
  Dodge: Dodged            |    59 |    85 |   124 |    39 ||   307
  Block: Buckler           |    24 |    37 |    22 |       ||    83
         Kite shield       |       |       |   124 |    47 ||   171
